 Dungeon Crawl Stone Soup version 0.30-a0-6-g7c9e10e132 (webtiles) character file.

Game seed: 3356178291713265530

73 SensoryNuts the Shield-Bearer (level 4, 0/34 HPs)
             Began as a Vampire Fighter on Aug 22, 2022.
             Succumbed to an adder's poison
             ... on level 2 of the Dungeon.
             The game lasted 00:02:14 (1407 turns).

SensoryNuts the Shield-Bearer (Vampire Fighter)     Turns: 1407, Time: 00:02:15

Health: 0/34       AC:  6    Str: 14 (17) XL:     4   Next: 8%
Magic:  4/4        EV:  8    Int:  9 (10) God:
Gold:   139        SH:  4    Dex: 11 (13) Spells: 3/3 levels left

rFire   + + .      SeeInvis +    a - +0 war axe
rCold   + . .      Faith    .    c - +0 buckler
rNeg    . . .      Spirit   .    b - +0 scale mail
rPois   +          Reflect  .    (no helmet)
rElec   +          Harm     .    (no cloak)
rCorr   +          Rampage  .    (no gloves)
Will    .....                    (no boots)
Stlth   ..........               (no amulet)
HPRegen 0.31/turn                (no ring)
MPRegen 0.09/turn                (no ring)

@: lethally poisoned (0 -> -5), resistant, healing quickly, hasted, very quick
A: alive, fangs 3, see invisible, vampiric 2, fire resistance 1, devolution 1
a: Exsanguinate


You were on level 2 of the Dungeon.
You visited 1 branch of the dungeon, and saw 2 of its levels.

You collected 139 gold pieces.

Inventory:

Hand Weapons
 a - a +0 war axe (weapon)
Armour
 b - a +0 scale mail (worn)
 c - a +0 buckler (worn)
Wands
 m - a wand of light (1)
Scrolls
 i - a scroll of immolation {unknown}
 j - 4 scrolls of identify {unknown}
 l - a scroll of amnesia {unknown}
 p - a scroll of summoning {unknown}
 q - a scroll of teleportation {unknown}
Potions
 d - a potion of might
 f - a potion of mutation
 g - a potion of degeneration
 k - 3 potions of curing {unknown}
 n - 2 potions of heal wounds {unknown}
 o - a potion of invisibility {unknown}


   Skills:
 + Level 2.9 Fighting
 + Level 2.7 Axes
 + Level 2.9 Armour
 + Level 1.0 Dodging
 + Level 3.1 Shields


You had 3 spell levels left.
You didn't know any spells.
Your spell library contained the following spells:

 Spells                   Type           Power      Damage    Failure   Level
 Slow                     Hex            0%         N/A       92%         1
 Confusing Touch          Hex            0%         N/A       100%        3
 Vampiric Draining        Necr           0%         2d6       100%        3


Dungeon Overview and Level Annotations

Branches:
Dungeon (2/15)

Altars:


Innate Abilities, Weirdness & Mutations

Your natural rate of healing is accelerated.
You have razor-sharp teeth.
You have supernaturally acute eyesight. (SInv)
You are afflicted with vampirism and can become a bat while bloodless.
Your flesh is heat resistant. (rF+)
You have hidden genetic defects.


Message History

You are too injured to fight recklessly!
You are too injured to fight recklessly!
You are too injured to fight recklessly!
You are too injured to fight recklessly!
Unknown command.
The orc priest shouts!
The adder closely misses you. The orc hits you but does no damage.
You are poisoned.
You feel very sick.
You feel sick. The orc attacks as you move away! The orc closely misses you.
The adder attacks as you move away! The adder bites you but does no damage.
You feel sick. The adder closely misses you.
There is an open door here.
It was a potion of degeneration.
There was something very wrong with that liquid.
You feel weakened.
You feel dopey.
You feel clumsy.
You feel sick. You block the adder's attack. The orc barely misses you.
It was a potion of mutation.
You feel extremely strange.
You feel a hidden malignance growing inside you.
You feel resistant to heat.
You feel sick. The adder bites you.
* * * LOW HITPOINT WARNING * * *
You are lethally poisoned!
The adder poisons you!
The orc hits you with a +0 whip of venom.
* * * LOW HITPOINT WARNING * * *
The adder attacks as you move away! The adder bites you but does no damage.
* * * LOW HITPOINT WARNING * * *
You feel very sick. The adder bites you but does no damage.
Unknown command.
Unknown command.
It was a potion of resistance.
You feel protected.
* * * LOW HITPOINT WARNING * * *
You feel sick. You block the adder's attack.
The orc priest looks satisfied for a moment.
It was a potion of haste.
You feel yourself speed up.
You die...

##...........o#...#
.####.....oo.o...##...####
....'...........###.......
####....#########....####
##..o...........#.###
##..o..#######.....# ##roo##
#.....# # ##S## #.....# #.
#@# #.....#
###.###########.# #.....#
#.....#......##.## ##.####
#.....#.####.#...## #.#
#........# #......# #.#
#.....#..# #.#...## #.#
#.....#..# #.##.## #######.#
#######..###.#######.......#
#...)).........#######


You could see 2 orc priests, an adder, 2 orcs and a rat.

Vanquished Creatures
  2 adders (D:2)
  A dart slug (D:1)
  An orc (D:2)
  5 bats
  3 endoplasms
  4 giant cockroaches
  6 goblins
  5 hobgoblins
  3 quokkas (D:1)
  2 ball pythons (D:1)
  3 frilled lizards
  7 kobolds
  7 rats
49 creatures vanquished.

Notes
Turn   | Place    | Note
-------+----------+-------------------------------------------
     0 | D:1      | SensoryNuts the Vampire Fighter began the quest for the
                  | Orb.
     0 | D:1      | Reached XP level 1. HP: 17/17 MP: 1/1
    54 | D:1      | Reached XP level 2. HP: 13/23 MP: 2/2
   340 | D:1      | Gained mutation: You are afflicted with vampirism and can
                  | become a bat while bloodless. [Vampire growth]
   340 | D:1      | Reached XP level 3. HP: 28/28 MP: 3/3
   778 | D:2      | Reached skill level 3 in Shields
   995 | D:2      | Reached skill level 1 in Dodging
  1248 | D:2      | Reached XP level 4. HP: 34/34 MP: 4/4
  1404 | D:2      | Gained mutation: You have hidden genetic defects. [potion
                  | of mutation]
  1404 | D:2      | Gained mutation: Your flesh is heat resistant. (rF+)
                  | [potion of mutation]
  1406 | D:2      | HP: 1/34 [poisoned by an adder]
  1407 | D:2      | Succumbed to an adder's poison

Illustrated notes

Levels and vault maps discovered:
D:1:      psy_arrival_conway, layout_rooms,
          hangedman_abyss_or_decor_lesser_grid, minmay_pentomino_x4
D:2:      cheibrodos_pilgrimage, layout_loops_corners, grunt_ministairs_1,
          nicolae_underground_beach

Skill      XL: |  1  2  3 |
---------------+----------+-----
Axes           | 2 |  2.7
Shields        | 3 |  3.1
Dodging        | 1 |  1.0
Fighting       | |  2.9
Armour         | |  2.9

Action                   |  1- 3 |  4- 6 || total
-------------------------+-------+-------++-------
Melee: War axe           |   109 |    10 ||   119
       Bite              |    11 |       ||    11
  Use: Potion            |       |     4 ||     4
Armor: Scale mail        |    57 |    12 ||    69
Dodge: Dodged            |    60 |     7 ||    67
Block: Buckler           |    41 |     5 ||    46

Table legend: (Time is in decaauts)
 A = Elapsed time spent in this place.
 B = Non-inter-level travel time spent in this place.
 C = Inter-level travel time spent in this place.
 D = Time resting spent in this place.
 E = Time spent auto-exploring this place.
 F = Levels seen in this place.
 G = Mean time per level.
                   A        B        C        D        E       F      G
               +--------+--------+--------+--------+--------+-----+--------+
         Total |   1462 |   1402 |     60 |      0 |   1047 |   2 |  731.0 |
       Dungeon |   1462 |   1402 |     60 |      0 |   1047 |   2 |  731.0 |
               +--------+--------+--------+--------+--------+-----+--------+

Top non-repeatable levels by time:
     D:2: 831 daAuts
     D:1: 630 daAuts
